 Dungeon Crawl Stone Soup version 0.22-a0-410-g97be04f (webtiles) character file.

11 galech the Skirmisher (level 2, 0/26 HPs)
             Began as a Gnoll Wanderer on May 11, 2018.
             Killed from afar by a dart slug (5 damage)
             ... with a slug dart
             ... on level 1 of the Dungeon.
             The game lasted 00:00:27 (273 turns).

galech the Skirmisher (Gnoll Wanderer)               Turns: 273, Time: 00:00:28

Health: 0/26       AC:  2    Str: 13    XL:     2   Next: 25%
Magic:  5/5        EV: 11    Int: 16    God:
Gold:   0          SH:  0    Dex: 13    Spells: 6/6 levels left

rFire    . . .     SeeInvis .   b - +0 mace
rCold    . . .     Gourm    .   (no shield)
rNeg     . . .     Faith    .   d - +0 robe
rPois    .         Spirit   .   (no helmet)
rElec    .         Reflect  .   (no cloak)
rCorr    .         Harm     .   (no gloves)
MR       .....                  (no boots)
Stlth    +.........             (no amulet)
HPRegen  0.08/turn              (no ring)
MPRegen  0.09/turn              (no ring)

@: no status effects
A: distributed training, fangs 1, strong nose
a: no special abilities


You were on level 1 of the Dungeon.
You were not hungry.

You visited 1 branch of the dungeon, and saw 1 of its levels.

Inventory:

Hand Weapons
 b - a +0 mace (weapon)
Armour
 d - a +0 robe (worn)
Wands
 c - a wand of random effects (15)
Potions
 e - a potion of curing {unknown}
Comestibles
 a - a chunk of flesh
 f - a ration


   Skills:
 + Level 4.4 Fighting
 + Level 0.3 Short Blades
 + Level 0.3 Long Blades
 + Level 0.3 Axes
 + Level 0.3 Maces & Flails
 + Level 0.3 Polearms
 + Level 0.3 Staves
 + Level 0.3 Slings
 + Level 0.3 Bows
 + Level 2.4 Crossbows
 + Level 2.4 Throwing
 + Level 0.3 Armour
 + Level 0.3 Dodging
 + Level 0.3 Stealth
 + Level 0.3 Shields
 + Level 0.3 Unarmed Combat
 + Level 2.7 Spellcasting
 + Level 0.2 Conjurations
 + Level 0.2 Hexes
 + Level 0.2 Charms
 + Level 0.2 Summonings
 + Level 3.7 Necromancy
 + Level 0.2 Translocations
 + Level 0.2 Transmutations
 + Level 0.2 Fire Magic
 + Level 0.2 Ice Magic
 + Level 0.2 Air Magic
 + Level 3.7 Earth Magic
 + Level 0.2 Poison Magic
 + Level 0.4 Invocations
 + Level 2.4 Evocations


You had 6 spell levels left.
You didn't know any spells.

Dungeon Overview and Level Annotations

Branches:
Dungeon (1/15)

Altars:


Innate Abilities, Weirdness & Mutations

Your experience applies equally to all skills.
You have very sharp teeth.
Your uncanny sense of smell can sniff out nearby items.


Message History

The goblin completely misses you.
You hit the goblin.
The goblin is heavily wounded.
The goblin hits you with a club.
* * * LOW HITPOINT WARNING * * *
You closely miss the goblin.
You kill the goblin!
Things that are here:
a club; a frilled lizard corpse A dart slug comes into view.
A kobold comes into view. It is wielding a dagger.
The dart slug launches a dart at you. The slug dart misses you.
You hit the dart slug.
You bite the dart slug, but do no damage.
The dart slug is lightly wounded.
The kobold shouts!
The dart slug launches a dart at you. The slug dart hits you!
You die...

...# ### #... ..# #..
..# #.# #.# #.# #.# #.#
####.###.# #.#
#..).....# #.#
#.##.##..#
#.########.##.##..#.#.##
................@.......
........##.##.##w#######
#.########.##.##K# #.#
#.......# #.# ####[####
#(###########
#..(..†......
#############


You could see a dart slug and a kobold.

Vanquished Creatures
  A giant cockroach (D:1)
  2 goblins (D:1)
  2 hobgoblins (D:1)
  A kobold (D:1)
  A bat (D:1)
  3 frilled lizards (D:1)
10 creatures vanquished.

Notes
Turn   | Place    | Note
-------+----------+-------------------------------------------
     0 | D:1      | galech the Gnoll Wanderer began the quest for the Orb.
     0 | D:1      | galech set off with: a +0 mace, a wand of random effects (15), a +0 robe, a ration
     0 | D:1      | Reached XP level 1. HP: 20/20 MP: 4/4
   256 | D:1      | Reached XP level 2. HP: 14/26 MP: 5/5
   273 | D:1      | Killed from afar by a dart slug

Vault maps used:
D:1:      nicolae_arrival_memento_mori

Action                   || total
-------------------------++-------
Melee: Mace              ||    29
       Bite              ||     4
Armor: Robe              ||     6
Dodge: Dodged            ||    17

Table legend:
 A = Spawn XP
 B = Non-spawn XP
 C = Spawn XP percentage of total XP
 D = Spawn monster count
 E = Non-spawn monster count
 F = Spawn count percentage of total count
 G = Total turns spent on level
                    A         B        C        D         E        F      G
               +---------+---------+-------+---------+---------+-------+---------
         Total |       0 |      16 |   0.0 |       0 |      10 |   0.0 |   273
               +---------+---------+-------+---------+---------+-------+---------
           D:1 |       0 |      16 |   0.0 |       0 |      10 |   0.0 |   273
               +---------+---------+-------+---------+---------+-------+---------
